 Dungeon Crawl Stone Soup version 0.24-a0-535-gbb0d440 (webtiles) character file.

Game seed: 13799752600682616506

83246 BoppinsLewinski the Brawler (level 15, -14/87 HPs)
             Began as a Gargoyle Monk on Aug 9, 2019.
             Was the Champion of Hepliaklqana.
             Killed from afar by Azrael (33 damage)
             ... with a bolt of fire
             ... on level 1 of the Spider Nest on Aug 10, 2019.
             The game lasted 02:07:53 (31036 turns).

BoppinsLewinski the Brawler (Gargoyle Monk)        Turns: 31036, Time: 02:07:54

Health: -14/87     AC: 37    Str: 20    XL:     15   Next: 76%
Magic:  0/22       EV:  9    Int: 12    God:    Hepliaklqana [******]
Gold:   1318       SH: 10    Dex: 12    Spells: 14/14 levels left

rFire    . . .     SeeInvis .     - Unarmed
rCold    . . .     Gourm    .   J - +0 shield
rNeg     + + .     Faith    .   n - +0 plate armour
rPois    ∞         Spirit   +   A - +2 helmet
rElec    +         Reflect  .   w - scarf {Spirit}
rCorr    .         Harm     .   (no gloves)
MR       ++++.     Clarity  +   p - +2 pair of boots of the Assassin {Detection Stab+ Stlth++}
Stlth    ..........             H - amulet of the Four Winds {rN+ MR+++ Clar}
HPRegen  0.24/turn              y - +4 ring of protection
MPRegen  0.18/turn              t - +5 ring of slaying

@: silence, flying
A: reduced essence, big wings, negative energy resistance 1, electricity
resistance, unbreathing, petrification resistance, rot immunity, AC +11
a: Stop Flying, Renounce Religion


You were on level 1 of the Spider Nest.
You worshipped Hepliaklqana.
Hepliaklqana was exalted by your worship.
You were very full.

You visited 5 branches of the dungeon, and saw 25 of its levels.
You visited the Abyss 1 time.

You collected 2410 gold pieces.
You spent 1092 gold pieces at shops.

Inventory:

Armour
 n - a +0 plate armour (worn)
 p - the +2 pair of boots of the Assassin (worn) {Detection Stab+ Stlth++}
   (You acquired it on level 14 of the Dungeon)

   It makes you much more stealthy.
 w - a scarf of spirit shield (worn)
 A - a +2 helmet (worn)
 C - a scarf of resistance
 I - a +1 pair of boots
 J - a +0 shield (worn)
Jewellery
 k - an uncursed ring of ice
 o - an uncursed amulet of guardian spirit {unknown}
 t - a +5 ring of slaying (right hand)
 u - an uncursed ring of protection from cold
 y - a +4 ring of protection (left hand)
 B - an uncursed ring of resist corrosion
 F - an uncursed ring of protection from magic
 H - the amulet of the Four Winds (around neck) {rN+ MR+++ Clar}
   (You bought it in a shop on level 14 of the Dungeon)

   [amulet of nothing]

   It protects you from negative energy.
   It affects your resistance to hostile enchantments.
   It protects you against confusion.
 L - an uncursed ring of flight
Wands
 m - a wand of paralysis (25)
 D - a wand of flame (17)
 E - a wand of iceblast (14)
 M - a wand of polymorph (10)
Scrolls
 a - 4 scrolls of enchant armour
 d - 2 scrolls of fog
 f - 3 scrolls of magic mapping
 g - 7 scrolls of teleportation
 h - 3 scrolls of fear
 l - 9 scrolls of remove curse
 r - 4 scrolls of immolation
 s - 3 scrolls of amnesia
 v - a scroll of blinking
 N - 2 scrolls of identify
Potions
 e - 2 potions of brilliance
 i - a potion of magic
 x - a potion of cancellation
 K - a potion of agility
Miscellaneous
 c - a lightning rod (2/4)
 q - a phial of floods
Comestibles
 b - 31 rations


   Skills:
 + Level 12.6 Fighting
 + Level 12.1 Armour
 + Level 9.4 Dodging
 - Level 2.1 Stealth
 + Level 6.0 Shields
 * Level 15.6 Unarmed Combat
 + Level 10.4 Invocations
 + Level 5.2 Evocations


You had 14 spell levels left.
You didn't know any spells.
Your spell library contained the following spells:

 Spells                   Type           Power        Failure   Level  Hunger
 Confusing Touch          Hex            #.....       100%        1    ##.....
 Corona                   Hex            #......      100%        1    ##.....
 Flame Tongue             Conj/Fire      #....        100%        1    ##.....
 Ensorcelled Hibernation  Hex/Ice        #.....       100%        2    ###....
 Throw Flame              Conj/Fire      #.....       100%        2    ###....
 Confuse                  Hex            #.......     100%        3    ####...
 Conjure Flame            Conj/Fire      #.......     100%        3    ####...
 Dazzling Spray           Conj/Hex       #.....       100%        3    ####...
 Gell's Gravitas          Tloc           #.........   100%        3    ####...
 Inner Flame              Hex/Fire       #.......     100%        3    ####...
 Portal Projectile        Hex/Tloc       #.....       100%        3    ####...
 Tukima's Dance           Hex            #.......     100%        3    ####...
 Force Lance              Conj/Tloc      #.......     100%        4    #####..
 Petrify                  Tmut/Erth      #.......     100%        4    #####..
 Sticky Flame             Conj/Fire      #.......     100%        4    #####..
 Bolt of Magma            Conj/Fire/Erth #.........   100%        5    ######.
 Fireball                 Conj/Fire      #.........   100%        5    ######.
 Iskenderun's Battlesphe  Conj/Chrm      #.......     100%        5    ######.
 Metabolic Englaciation   Hex/Ice        #.........   100%        5    ######.
 Venom Bolt               Conj/Pois      #.........   100%        5    ######.
 Yara's Violent Unravell  Hex/Tmut       #.........   100%        5    ######.
 Dispersal                Tloc           #.........   100%        6    #######
 Iron Shot                Conj/Erth      #.........   100%        6    #######
 Orb of Destruction       Conj           #.........   100%        7    #######
 Spellforged Servitor     Conj/Summ      #.........   100%        7    #######
 Controlled Blink         Tloc           N/A          100%        8    #######
 Disjunction              Tloc           #.........   100%        8    #######


Dungeon Overview and Level Annotations

Branches:
Dungeon (15/15)            Temple (1/1) D:7            Lair (6/6) D:10
 Shoals (0/4) Lair:4       Spider (1/4) Lair:2        Slime (0/5) Lair:5
    Orc (2/2) D:10            Elf (0/3) Orc:2        Vaults (0/5) D:13
 Depths (0/5) D:15

Altars:
Ashenzari
Cheibriados
Elyvilon
Fedhas
Gozag
Hepliaklqana
Kikubaaqudgha
Makhleb
Nemelex Xobeh
Okawaru
Qazlal
Ru
Trog
Uskayaw
Vehumet
Wu Jian
Xom
Yredelemnul
Zin
The Shining One
Jiyva

Shops:
D:7 =   D:9 *   D:14 =*   Orc:2 (*((

Annotations:
D:5 exclusion: downstairs
D:9 exclusion: downstairs
Lair:3 1 runed translucent door, Siroit's ghost, journeyman MfSk
Lair:4 exclusion: downstairs
Lair:5 1 runed translucent door, exclusion: knight
Spider:1 Azrael


Innate Abilities, Weirdness & Mutations

You are resistant to torment.
Your stone body is resilient. (AC +11)
You are immune to poison.
Your large and strong wings let you fly indefinitely.
You resist negative energy. (rN+)
You are resistant to electric shocks. (rElec)
You can survive without breathing.
You are immune to petrification.
You are immune to rotting.
Your life essence is reduced to manifest your ancestor. (-10% HP)


Message History

Ye hit Azrael.
Azrael be lightly wounded.
Tha hell hound evades a web.
Azrael drinks a potion.
Azrael seems ta speed up.
Tha hell hound bites ye but does nay damage.
Unknown command.
Yer shield an' plate armour prevent ye from hittin' Azrael.
Azrael be lightly wounded.
Azrael gestures.
Azrael hits ye but does nay damage.
Tha hell hound bites ye but does nay damage.
Ye hit Azrael.
Azrael be lightly wounded.
Ye block tha hell hound's attack.
Ye block Azrael's attack.
Unknown command.
Ye punch Azrael!
Azrael be moderately wounded.
Tha hell hound bites ye but does nay damage.
Azrael gestures at ye.
Tha bolt o' fire hits ye!!!
Ye die...

{##....#.....#
{#..†.....### {
#.........#
####........^# {
##.....#.....##{
#....###..<#.#
#.....###..### {
#......^##.#
#.@.....####
#hR#..###
#..##### #..☼
#... ##.^ .. ..


You could see Azrael and a hell hound.

Vanquished Creatures
  Rupert (Lair:5)
  2 orc warlords (Orc:1)
  2 stone giants
  A fire dragon (D:15)
  Josephine (Lair:4)
  2 hydras
  A rakshasa (D:15)
  An ogre mage (D:15)
  The ghost of chaoswolf the Cleaver, a journeyman DsBe of Trog (Lair:2)
  Harold (D:6)
  Erolcha (D:11)
  3 centaur warriors
  6 two-headed ogres
  An orc high priest (Orc:1)
  5 slime creatures (D:15)
  A sixfirhy (Abyss:2)
  An unseen horror (D:14)
  4 orc sorcerers
  A manticore (D:12)
  4 deep elf magi
  A cyclops (D:15)
  3 ugly things
  Joseph (D:7)
  A rust devil (Abyss:2)
  Psyche (D:9)
  A torpor snail (Lair:6)
  16 spiny frogs
  4 yaktaurs (D:15)
  5 rime drakes
  An efreet (D:15)
  6 komodo dragons
  A jumping spider (Spider:1)
  A hornet (D:8)
  3 trolls
  2 tyrant leeches (Lair:6)
  27 blink frogs
  2 dream sheep (Lair:6)
  4 hippogriffs
  A dream sheep (shapeshifter) (D:15)
  2 vampires
  A ynoxinul (Abyss:2)
  Sigmund (D:6)
  4 wraiths
  A spriggan (D:7)
  A tarantella (Lair:2)
  4 wyverns
  19 yaks
  A basilisk (Lair:3)
  3 golden eyes (Abyss:2)
  A fire elemental (Spider:1)
  2 hungry ghosts
  10 vampire mosquitoes
  Menkaure (D:7)
  A soldier ant (D:14)
  An acid dragon (D:14)
  A hell hound (Spider:1)
  12 water moccasins
  5 wargs
  Duvessa (D:6)
  4 porcupines
  8 ice beasts
  20 orc warriors
  4 sky beasts
  A necrophage (D:10)
  13 ogres
  3 phantoms
  4 wolves (Lair:4)
  3 boggarts (D:15)
  6 centaurs
  9 crocodiles
  A big kobold (D:9)
  16 bullfrogs
  Dowan (D:6)
  A water moccasin zombie (D:7)
  3 scorpions
  A wyvern skeleton (D:11)
  A blink frog simulacrum (Lair:2)
  2 killer bees (D:11)
  3 howler monkeys (D:7)
  An electric eel (Lair:6)
  8 crimson imps
  4 bullfrog zombies
  8 hounds
  5 centaur zombies
  20 orc priests
  2 jellies
  A bullfrog skeleton (D:8)
  2 centaur skeletons
  2 iguanas
  37 orc wizards
  A yak simulacrum (Lair:2)
  6 worker ants
  2 killer bee zombies
  A small abomination (Abyss:2)
  A bullfrog simulacrum (Lair:2)
  2 porcupine simulacra (Lair:2)
  5 gnolls
  13 adders
  4 shadow imps
  An ufetubus (Abyss:2)
  An ooze (D:4)
  An adder skeleton (D:4)
  An adder zombie (D:9)
  3 dart slugs
  2 worms
  5 leopard geckos
  60 orcs
  14 bats
  6 giant cockroaches
  7 goblins
  11 hobgoblins
  18 jackals
  7 kobolds
  4 quokkas
  2 ball pythons
  6 frilled lizards
  A leopard gecko skeleton (D:4)
  A leopard gecko zombie (D:5)
  A quokka skeleton (D:5)
  3 rats
577 creatures vanquished.

Vanquished Creatures (collateral kills)
  A death knight (D:14)
  A centaur warrior (D:13)
  2 hydras
  3 unseen horrors
  An unseen horror (shapeshifter) (D:15)
  An ugly thing (D:11)
  An orc sorcerer (Orc:1)
  2 cyclopes
  A moth of wrath (Spider:1)
  4 spiny frogs
  A gargoyle (D:15)
  A yaktaur (D:15)
  2 komodo dragons
  2 freezing wraiths
  3 trolls
  A tyrant leech (Lair:6)
  7 blink frogs
  5 slime creatures (D:15)
  2 dream sheep (Lair:6)
  A slime creature (shapeshifter) (D:15)
  2 hippogriffs
  A wraith (Lair:4)
  4 yaks
  A wyvern (D:14)
  A basilisk (Lair:1)
  2 vampire mosquitoes
  2 water moccasins
  A hell hound (Spider:1)
  2 porcupines
  6 orc warriors
  2 sky beasts
  2 boggarts (D:15)
  An ogre (D:8)
  A wolf (Lair:4)
  2 centaurs (D:15)
  8 bullfrogs
  A spiny frog simulacrum (Lair:2)
  A killer bee (D:11)
  2 electric eels
  2 crimson imps
  4 orc priests
  A bullfrog zombie (D:9)
  11 orc wizards
  A howler monkey skeleton (D:10)
  14 orcs
  A quokka (D:9)
  2 bats (Orc:1)
  5 kobolds (D:9)
  A plant (Lair:4)
126 creatures vanquished.

Vanquished Creatures (others)
  A golden eye (Abyss:2)
  6 knights
  An orc priest (Orc:2)
  9 fungi (Lair:6)
  17 plants (Lair:6)
34 creatures vanquished.

Grand Total: 737 creatures vanquished

Notes
Turn   | Place    | Note
-------+----------+-------------------------------------------
     0 | D:1      | BoppinsLewinski the Gargoyle Monk began the quest for the
                  | Orb.
     0 | D:1      | Reached XP level 1. HP: 14/14 MP: 1/1
   307 | D:1      | Reached XP level 2. HP: 19/19 MP: 2/2
   890 | D:1      | Reached XP level 3. HP: 6/23 MP: 3/3
  1762 | D:2      | Reached skill level 4 in Unarmed Combat
  1762 | D:2      | Reached XP level 4. HP: 26/29 MP: 4/4
  1772 | D:2      | Reached skill level 1 in Armour
  2130 | D:2      | Reached XP level 5. HP: 31/33 MP: 5/5
  3459 | D:3      | Found a faded altar of an unknown god.
  3714 | D:3      | Found a radiant altar of Vehumet.
  3714 | D:3      | Found a basalt altar of Yredelemnul.
  3726 | D:3      | Found a hide-covered altar of Uskayaw.
  3854 | D:3      | Reached skill level 5 in Unarmed Combat
  3856 | D:3      | Reached XP level 6. HP: 19/39 MP: 6/6
  4589 | D:4      | Noticed an ice beast
  4623 | D:4      | Killed an ice beast
  4623 | D:4      | Reached skill level 5 in Fighting
  4623 | D:4      | Reached XP level 7. HP: 20/44 MP: 7/7
  5040 | D:4      | Reached skill level 6 in Unarmed Combat
  5539 | D:5      | Entered Level 5 of the Dungeon
  5626 | D:5      | Found a stormy altar of Qazlal.
  6205 | D:5      | Reached XP level 8. HP: 30/51 MP: 5/8
  6366 | D:5      | Reached skill level 7 in Unarmed Combat
  6656 | D:5      | Reached skill level 1 in Shields
  7158 | D:6      | Noticed Sigmund
  7396 | D:6      | Noticed Dowan
  7396 | D:6      | Noticed Duvessa
  7427 | D:6      | Killed Duvessa
  7446 | D:6      | Killed Dowan
  7446 | D:6      | Reached skill level 5 in Armour
  7521 | D:6      | Found a shattered altar of Ashenzari.
  7577 | D:6      | Found an ornate altar of the Wu Jian Council.
  7593 | D:6      | Found a white marble altar of Elyvilon.
  7613 | D:6      | Killed Sigmund
  7613 | D:6      | Reached skill level 8 in Unarmed Combat
  7613 | D:6      | Reached XP level 9. HP: 48/56 MP: 7/9
  8039 | D:7      | Found Yrarobee's Jewellery Shoppe.
  8245 | D:7      | Noticed Harold
  8530 | D:6      | Killed Harold
  8530 | D:6      | Reached skill level 9 in Unarmed Combat
  8799 | D:7      | Reached XP level 10. HP: 50/63 MP: 8/10
  8863 | D:7      | Found a staircase to the Ecumenical Temple.
  8864 | D:7      | Noticed Menkaure
  8874 | D:7      | Killed Menkaure
  8879 | Temple   | Entered the Ecumenical Temple
  8941 | Temple   | Became a worshipper of Hepliaklqana the Forgotten
  8941 | Temple   | Reached * piety under Hepliaklqana
  8941 | Temple   | Reached ** piety under Hepliaklqana
  8942 | Temple   | Remembered your ancestor Mason Whares as a knight
  9212 | D:7      | Noticed Joseph
  9238 | D:7      | Killed Joseph
  9696 | D:8      | Reached skill level 1 in Invocations
 10029 | D:8      | Reached skill level 5 in Dodging
 10542 | D:8      | Reached skill level 10 in Unarmed Combat
 10678 | D:9      | Found Zin's Purification Station.
 10678 | D:9      | Found a glowing silver altar of Zin.
 10696 | D:9      | Reached *** piety under Hepliaklqana
 10864 | D:9      | Noticed Psyche
 10882 | D:9      | Killed Psyche
 11176 | D:10     | Entered Level 10 of the Dungeon
 11359 | D:10     | Killed an unseen horror
 11359 | D:10     | Reached XP level 11. HP: 40/62 MP: 10/13
 11947 | D:10     | Found a staircase to the Orcish Mines.
 11987 | D:10     | Found a staircase to the Lair.
 12166 | Lair:1   | Entered Level 1 of the Lair of Beasts
 12177 | D:10     | Reached skill level 11 in Unarmed Combat
 13237 | Lair:2   | Reached **** piety under Hepliaklqana
 13254 | Lair:2   | Found a runed translucent gate.
 13255 | Lair:2   | Found a runed translucent gate.
 13256 | Lair:2   | Found a runed translucent gate.
 13362 | Lair:2   | Noticed chaoswolf's ghost (journeyman DsBe)
 13391 | Lair:2   | Killed chaoswolf's ghost
 13391 | Lair:2   | Reached skill level 5 in Invocations
 13409 | Lair:2   | Got the ring "Kozxol" {Fire}
 13413 | Lair:2   | Got a pair of ichor-stained gloves
 13419 | Lair:2   | Identified the cursed +0 pair of gloves "Jeotrono"
                  | {*Corrode rElec Int+2} (You found it on level 2 of the Lair
                  | of Beasts)
 13593 | Lair:2   | Reached XP level 12. HP: 44/68 MP: 13/16
 13896 | Lair:2   | Found a hole to the Spider Nest.
 13903 | Lair:2   | Reached skill level 12 in Unarmed Combat
 14907 | Lair:3   | Found a runed translucent door.
 15126 | Lair:3   | Reached ***** piety under Hepliaklqana
 15397 | Lair:3   | Reached skill level 10 in Fighting
 15604 | Lair:3   | Noticed a four-headed hydra
 15613 | Lair:3   | Killed a four-headed hydra
 15758 | Lair:3   | Noticed Siroit's ghost (journeyman MfSk)
 16100 | Lair:4   | Found a staircase to the Shoals.
 16228 | Lair:4   | Noticed Josephine
 16244 | Lair:4   | Killed Josephine
 16935 | Lair:5   | Found a runed translucent door.
 16935 | Lair:5   | Found a viscous altar of Jiyva.
 16937 | Lair:5   | Found a staircase to the Slime Pits.
 16963 | Lair:5   | Noticed Rupert
 17388 | Lair:5   | Reached skill level 13 in Unarmed Combat
 17604 | Lair:5   | Reached XP level 13. HP: 72/74 MP: 16/18
 17861 | Lair:6   | Entered Level 6 of the Lair of Beasts
 17892 | Lair:5   | Reached skill level 10 in Armour
 17960 | Lair:5   | Paralysed by Rupert for 3 turns
 17977 | Lair:5   | Killed Rupert
 19170 | Lair:6   | Reached skill level 14 in Unarmed Combat
 19191 | Lair:6   | Reached skill level 1 in Evocations
 19525 | Lair:6   | Gained mutation: Your large and strong wings let you fly
                  | indefinitely. [Gargoyle growth]
 19525 | Lair:6   | Reached XP level 14. HP: 46/81 MP: 13/20
 20248 | Orc:1    | Entered Level 1 of the Orcish Mines
 20320 | Orc:1    | Reached ****** piety under Hepliaklqana
 20619 | Orc:2    | Entered Level 2 of the Orcish Mines
 20619 | Orc:2    | Found a staircase to the Elven Halls.
 20619 | Orc:2    | Noticed an orc warlord
 20700 | Orc:1    | Killed an orc warlord
 20896 | Orc:2    | Noticed an orc warlord
 21327 | Orc:2    | Noticed a stone giant
 21367 | Orc:1    | Killed an orc warlord
 21503 | Orc:2    | Paralysed by an orc sorcerer for 6 turns
 21509 | Orc:2    | HP: 2/81 [stone giant (21)]
 22395 | Orc:2    | Cast into level 2 of the Abyss (orc warrior)
 22396 | Abyss:2  | Upgraded the game from 0.24-a0-530-g18ba70b5 to
                  | 0.24-a0-535-gbb0d440
 22433 | Abyss:2  | Found a corrupted altar of Lugonu.
 22671 | Abyss:2  | Found a corrupted altar of Lugonu.
 22890 | Abyss:2  | Noticed a cacodemon
 22895 | Abyss:2  | Noticed a purple very ugly thing
 22897 | Abyss:2  | Noticed a purple very ugly thing
 22897 | Abyss:2  | Noticed a purple very ugly thing
 23115 | Orc:2    | Escaped the Abyss
 23387 | Orc:2    | Noticed a stone giant
 23426 | Orc:2    | Killed a stone giant
 23793 | Orc:2    | Paralysed by an orc sorcerer for 4 turns
 23987 | Orc:2    | Found Vezajits's Assorted Antiques.
 23988 | Orc:2    | Found Xywk's Antique Weapon Emporium.
 23989 | Orc:2    | Found Afras's Antique Weapon Emporium.
 23992 | Orc:2    | Found Fouqameym's Antique Weapon Shoppe.
 24174 | Orc:1    | Killed a stone giant
 24339 | Orc:2    | Bought a smoky blue potion for 27 gold pieces
 24742 | D:11     | Found a glowing silver altar of Zin.
 25098 | D:11     | Noticed Erolcha
 25104 | D:11     | Killed Erolcha
 25192 | D:7      | Bought an uncursed ring of protection from magic for 275
                  | gold pieces
 27256 | D:13     | Reached skill level 15 in Unarmed Combat
 27259 | D:13     | Found a gate to the Vaults.
 28084 | D:14     | Reached XP level 15. HP: 70/86 MP: 18/22
 28105 | D:14     | Found a stormy altar of Qazlal.
 28150 | D:14     | Identified a scroll of acquirement
 28151 | D:14     | Found the +2 pair of boots of the Assassin {Detection Stab+
                  | Stlth++}
 28324 | D:14     | Reached skill level 5 in Shields
 28700 | D:14     | Found Roicy's Jewellery Boutique.
 28708 | D:14     | Bought the amulet of the Four Winds {rN+ MR+++ Clar} for
                  | 790 gold pieces
 28708 | D:14     | Found the amulet of the Four Winds {rN+ MR+++ Clar}
 28810 | D:14     | Found a snail-covered altar of Cheibriados.
 28916 | D:14     | Found Ekhelan's Assorted Antiques.
 29158 | D:15     | Entered Level 15 of the Dungeon
 29268 | D:15     | Reached skill level 10 in Invocations
 30012 | D:15     | Reached skill level 5 in Evocations
 30524 | D:15     | Found a staircase to the Depths.
 30986 | Spider:1 | Entered Level 1 of the Spider Nest
 31022 | Spider:1 | Noticed Azrael
 31036 | Spider:1 | Killed from afar by Azrael

Levels and vault maps discovered:
D:1:      minmay_arrival_shattered_statue, layout_basic, grunt_decor_one_mirror,
          minmay_misc_feat_encased
D:2:      layout_basic
D:3:      layout_loops_corners, minitemple, first_ration,
          chequers_ecumenical_altar_island
D:4:      layout_layer_cave, minmay_tree_intersection
D:5:      layout_basic, lemuel_doored_altar
D:6:      layout_rooms, nicolae_overflow_hidden_temple, minmay_misc_feat_alley,
          columned_hall_lemuel, uniq_sigmund, uniq_duvessa, uniq_prince_ribbit1
D:7:      layout_basic, minmay_temple_entry_statues, serial_shops, shop,
          the_bakery, uniq_harold, uniq_joseph, uniq_menkaure
D:8:      layout_basic
D:9:      layout_cave_pools, zin_purify, minmay_misc_feat_roman, uniq_psyche
D:10:     layout_cave_pools, erik_lair_orcish_takeover, orc_0_dummy
D:11:     layout_irregular_city, basic_altar, uniq_erolcha
D:12:     layout_long_grid
D:13:     layout_roguey, david_vaults_1
D:14:     layout_basic, basic_altar, serial_shops, shop, shop,
          nicolae_qazlal_general_emergency
D:15:     gammafunk_enter_depths_forms, layout_irregular_city, roderic_lattice_a
Temple:   minmay_temple_bridge_abc
Lair:1:   layout_cave_pods
Lair:2:   layout_cave_pods, spider_nest_entry_rubble, gammafunk_ghost_icy
Lair:3:   layout_cave_pods, ebering_ghost_reflecting_pool, lemuel_fruit_tree,
          grunt_megastairs_3
Lair:4:   layout_roguey, elwin_shoals_entry_rocks,
          chequers_serial_rivers_room_a, uniq_josephine
Lair:5:   layout_loops_ring, slime_altar_2, grunt_forest_stairs_basic,
          nicolae_quartered_pool_medium, serial_bayou_shore_a, uniq_rupert
Lair:6:   minmay_lair_end_frog_pond, layout_regular_city, serial_bayou_crossing,
          lemuel_fruit_fields
Spider:1: layout_spider_delve, uniq_roxanne, uniq_asterion, uniq_frances,
          uniq_azrael
Orc:1:    layout_diamond_mine, roderic_batcave
Orc:2:    st_orc_mages, layout_caves, mines_bat_river

Skill      XL: |  1  2  3  4  5  6  7  8  9 10 11 12 13 14 15 |
---------------+----------------------------------------------+-----
Unarmed Combat | 4 5 6 8 9 10 11 13 14 15 | 15.6
Armour         | 1 2 3 4 5 6 7 8 9 10 11 12 | 12.1
Fighting       | 4 5 6 7 8 9 10 11 12 | 12.6
Dodging        | 3 4 5 6 7 8 9 |  9.4
Shields        | 2 4 6 |  6.0
Invocations    | 3 5 7 8 9 10 | 10.4
Evocations     | 1 4 5 |  5.2
Stealth        | |  2.1

Action                   |  1- 3 |  4- 6 |  7- 9 | 10-12 | 13-15 || total
-------------------------+-------+-------+-------+-------+-------++-------
Melee: Unarmed           |   130 |   289 |   391 |   839 |  1283 ||  2932
       Punch             |       |     2 |     3 |       |       ||     5
Invok: Recall Ancestor   |       |       |       |     5 |     6 ||    11
       Ancestor Identity |       |       |       |     1 |     1 ||     2
       Ancestor Life: Kn |       |       |       |     1 |       ||     1
       Transference      |       |       |       |     1 |       ||     1
 Abil: Fly               |       |       |       |       |     1 ||     1
Evoke: Wand              |       |     1 |     5 |    12 |    14 ||    32
       Phial of floods   |       |       |       |     1 |     2 ||     3
       Lightning rod     |       |       |       |       |     6 ||     6
       Phantom mirror    |       |       |       |       |     1 ||     1
  Use: Potion            |     2 |     1 |     9 |     8 |    14 ||    34
       Scroll            |       |       |     2 |    15 |    15 ||    32
 Stab: Sleeping          |     1 |       |       |       |       ||     1
       Paralysed         |       |     7 |     5 |     9 |     1 ||    22
       Invisible         |       |       |     6 |       |       ||     6
       Distracted        |       |       |       |     6 |     6 ||    12
  Eat: Chunk             |     3 |     8 |     4 |    18 |     9 ||    42
       Ration            |       |       |     3 |     4 |    13 ||    20
Armor: Robe              |    33 |       |       |       |       ||    33
       Chain mail        |    44 |   158 |   192 |       |       ||   394
       Skin              |       |       |    21 |       |    24 ||    45
       Plate armour      |       |       |     4 |   507 |  1107 ||  1618
Dodge: Dodged            |   102 |    75 |   111 |   216 |   573 ||  1077
Block: Buckler           |       |       |    39 |   145 |   183 ||   367
       Shield            |       |       |       |       |   222 ||   222

Table legend:
 A = Non-vault XP
 B = Vault XP
 C = Vault XP percentage of total XP
 D = Non-vault monster count
 E = Vault monster count
 F = Vault count percentage of total count
                 A         B        C        D         E       F
            +---------+---------+-------+---------+---------+-------
      Total |   83062 |   35861 |  30.2 |     540 |     162 |  23.1
            +---------+---------+-------+---------+---------+-------
        D:1 |      48 |       0 |   0.0 |      20 |       0 |   0.0
        D:2 |     136 |       0 |   0.0 |      39 |       0 |   0.0
        D:3 |     175 |       0 |   0.0 |      23 |       0 |   0.0
        D:4 |     464 |       0 |   0.0 |      15 |       0 |   0.0
        D:5 |     943 |       0 |   0.0 |      21 |       0 |   0.0
        D:6 |     645 |    1407 |  68.6 |      10 |       4 |  28.6
        D:7 |     912 |     842 |  48.0 |      17 |       3 |  15.0
        D:8 |    1141 |       0 |   0.0 |      25 |       0 |   0.0
        D:9 |    1495 |     588 |  28.2 |      25 |       2 |   7.4
       D:10 |    3493 |     514 |  12.8 |      27 |       9 |  25.0
       D:11 |    2719 |     959 |  26.1 |      20 |       1 |   4.8
       D:12 |    2540 |       0 |   0.0 |      16 |       0 |   0.0
       D:13 |    2648 |    2641 |  49.9 |      19 |       5 |  20.8
       D:14 |    7749 |       0 |   0.0 |      26 |       0 |   0.0
       D:15 |   19892 |    3927 |  16.5 |      54 |      11 |  16.9
     Lair:1 |    2195 |       0 |   0.0 |       9 |       0 |   0.0
     Lair:2 |    3289 |    2796 |  45.9 |      17 |      12 |  41.4
     Lair:3 |    4901 |     554 |  10.2 |      19 |       2 |   9.5
     Lair:4 |    1319 |    1670 |  55.9 |       8 |       4 |  33.3
     Lair:5 |    5037 |    3860 |  43.4 |      24 |       5 |  17.2
     Lair:6 |    8126 |   10618 |  56.6 |      33 |      44 |  57.1
   Spider:1 |     821 |     485 |  37.1 |       2 |       3 |  60.0
      Orc:1 |    7693 |    2985 |  28.0 |      38 |      28 |  42.4
      Orc:2 |    2628 |    2015 |  43.4 |      25 |      29 |  53.7
    Abyss:2 |    2053 |       0 |   0.0 |       8 |       0 |   0.0
            +---------+---------+-------+---------+---------+-------
